 Dungeon Crawl Stone Soup version 0.31.0-32-g396128a36d (webtiles) character file.

Game seed: 13261442930228778228

3579 Cheops the Grappler (level 10, -8/66 HPs)
             Began as an Octopode Shapeshifter on Mar 24, 2024.
             Mangled by a cyclops (11 damage)
             ... on level 7 of the Dungeon.
             The game lasted 00:12:46 (5628 turns).

Cheops the Grappler (Octopode Shapeshifter)         Turns: 5628, Time: 00:12:46

Health: -8/66      AC:  5    Str: 17    XL:     10   Next: 10%
Magic:  10/10      EV: 18    Int: 13    God:
Gold:   311        SH:  0    Dex: 12    Spells: 9/9 levels left

rFire   . .          .
                       - Unarmed
rCold   . . .        (shield currently unavailable)
rNeg    . . .        (helmet restricted)
rPois   .            (no amulet)
rElec   .            k - +4 ring of protection
rCorr   +            l - ring of resist corrosion
SInv    .            (no ring)
Will    .....        (no ring)
Stlth   +            (no ring)
HPRegen 0.31/turn    (no ring)
MPRegen 0.12/turn    (no ring)
                     (no ring)

%: no passive effects
@: about to teleport, flux-form, glowing
A: glow, contaminating, almost no armour, amphibious, 8 rings, camouflage 1,
gelatinous body 1, (nimble swimmer 1), tentacles
a: Begin Untransformation


You were on level 7 of the Dungeon.
You were something dangerously unstable.
You visited 1 branch of the dungeon, and saw 7 of its levels.

You collected 311 gold pieces.

Inventory:

Magical Staves
 o - a staff of death
Jewellery
 k - a +4 ring of protection (left tentacle)
 l - a ring of resist corrosion (right tentacle)
Talismans
 b - a beast talisman
 c - a flux talisman (active)
Wands
 a - a wand of charming (11)
Scrolls
 d - a scroll of teleportation
 e - 2 scrolls of noise
 i - a scroll of enchant armour
 q - 2 scrolls of revelation
 u - a scroll of identify
Potions
 f - 2 potions of berserk rage
 g - 2 potions of curing {unknown}
 h - 2 potions of magic
 m - a potion of enlightenment
 n - 2 potions of might {unknown}
 p - a potion of haste
 t - a potion of attraction {unknown}


   Skills:
 - Level 5.0 Fighting
 + Level 4.6 Dodging
 - Level 11.0 Unarmed Combat
 - Level 7.0 Shapeshifting


You had 9 spell levels left.
You didn't know any spells.
Your spell library contained the following spells:

 Spells                   Type           Power      Damage    Failure   Level
 Hailstorm                Conj/Ice       0%         3d5       67%         3
 Inner Flame              Hex/Fire       0%         N/A       67%         3
 Summon Ice Beast         Ice/Summ       0%         N/A       67%         3
 Flame Wave               Conj/Fire      0%         2d4       97%         4
 Sticky Flame             Fire/Alch      0%         2d4       97%         4
 Sculpt Simulacrum        Ice/Alch       0%         N/A       100%        6


Dungeon Overview and Level Annotations

Branches:
Dungeon (7/15)
 Temple: D:4-7

Altars:
Gozag
Sif Muna

Shops:
D:3 =

Annotations:
D:5 2 runed translucent doors, unlimited1921's ghost, novice GnCA


Innate Abilities, Weirdness & Mutations

You are something dangerously unstable.
You glow with magical radiation, making you easy to see and hit.
Foes you strike become dangerously contaminated with magical radiation.
You are incapable of wielding weapons or throwing items.
You cannot wear most types of armour.
You are amphibious.
You can wear up to eight rings at the same time.
Your skin changes colour to match your surroundings (Stealth+).
Your rubbery body absorbs attacks. (AC +1, EV +1)
((You are camouflaged when in or above water. (Stealth+)))
You have tentacles for arms and can constrict up to eight enemies at once.


Message History

You feel your anger nearly subside.
You are no longer berserk.
You are exhausted.
You feel yourself slow down.
You feel yourself speed up.
You recover from your berserk rage.
HP restored.
A centaur comes into view.
A cyclops comes into view.
The cyclops shouts!
The centaur wields a +0 shortbow.
The centaur shoots an arrow.
The arrow hits you!
The centaur shoots an arrow.
The arrow hits you.
The centaur shoots an arrow.
The arrow hits you!
The cyclops throws a large rock.
The large rock closely misses you.
The centaur shoots an arrow.
The arrow misses you.
A skeletal warrior comes into view. It is wielding a +0 war axe.
The centaur shoots an arrow.
The arrow completely misses you.
The centaur unwields a +0 shortbow.
The centaur barely misses you.
The centaur kicks you but does no damage.
The cyclops hits you!!
* * * LOW HITPOINT WARNING * * *
The centaur hits you.
* * * LOW HITPOINT WARNING * * *
The centaur kicks you but does no damage.
Unknown command.
Unknown command.
Unknown command.
Unknown command.
Unknown command.
As you read the scroll of teleportation, it crumbles to dust.
You feel strangely unstable. The centaur hits you.
* * * LOW HITPOINT WARNING * * *
The centaur completely misses you.
Unknown command.
Unknown command.
Unknown command.
Okay, then.
As you read the scroll labelled SEKASO EMPA, it dissolves into smoke.
It was a scroll of fog.
The centaur misses you. The centaur closely misses you. The cyclops hits you!
You die...

..........##
...........##
............##
..........†<.##
..........)...###
................##
.....§.§.........#
.......§§§.......##
......zcp§....##.#
......§C§§§..##..#
...g.....§§..##.##
............##).#
#..........##.##
###.........†.#
##....###..##
#.P.## ##.## #.P.#
#..#


You could see a skeletal warrior, a cyclops, a gnoll sergeant and a centaur.

Vanquished Creatures
  A boulder beetle (D:7)
  8 yaks (D:6)
  A sky beast (D:7)
  2 black bears
  2 ogres (D:6)
  A centaur (D:6)
  4 phantoms
  A bullfrog (D:7)
  3 scorpions
  4 howler monkeys
  2 jellies
  5 hounds
  2 orc priests
  A sleepcap (D:6)
  4 orc wizards
  Terence (D:3)
  Robin (D:3)
  6 gnolls
  5 adders
  A shadow imp (D:7)
  2 white imps
  2 dart slugs
  A ribbon worm (D:4)
  21 orcs
  5 bats
  2 endoplasms
  3 giant cockroaches
  12 goblins
  11 hobgoblins
  4 jackals (D:3)
  A quokka (D:1)
  5 ball pythons
  4 frilled lizards
  6 kobolds
  4 rats
138 creatures vanquished.

Notes
Turn   | Place    | Note
-------+----------+-------------------------------------------
     0 | D:1      | Cheops the Octopode Shapeshifter began the quest for the
                  | Orb.
     0 | D:1      | Reached XP level 1. HP: 13/13 MP: 1/1
   110 | D:1      | Reached XP level 2. HP: 18/18 MP: 2/2
   442 | D:1      | Reached skill level 4 in Unarmed Combat
   748 | D:1      | Reached XP level 3. HP: 10/23 MP: 3/3
  1490 | D:2      | Reached XP level 4. HP: 28/28 MP: 4/4
  1540 | D:3      | Reached skill level 5 in Unarmed Combat
  1638 | D:3      | Reached XP level 5. HP: 33/33 MP: 5/5
  1845 | D:3      | Noticed Terence
  1873 | D:3      | Noticed Robin
  1938 | D:3      | Killed Robin
  2120 | D:3      | Found Tasel's Jewellery Shop.
  2255 | D:3      | Killed Terence
  2263 | D:3      | Found Tasel's Jewellery Shop.
  2709 | D:4      | Reached skill level 5 in Shapeshifting
  2709 | D:4      | Reached XP level 6. HP: 26/38 MP: 6/6
  2961 | D:4      | Found a shimmering blue altar of Sif Muna.
  3483 | D:5      | Entered Level 5 of the Dungeon
  3559 | D:5      | Reached XP level 7. HP: 33/43 MP: 7/7
  3967 | D:5      | Found a large runed translucent door.
  3967 | D:5      | Found a large runed translucent door.
  3969 | D:5      | Noticed unlimited1921's ghost (novice GnCA)
  4099 | D:5      | Reached XP level 8. HP: 49/52 MP: 8/8
  4326 | D:6      | Noticed a yak
  4328 | D:6      | Noticed a yak
  4328 | D:6      | Noticed a yak
  4330 | D:6      | Noticed a yak
  4339 | D:6      | Killed a yak
  4346 | D:6      | Reached skill level 5 in Fighting
  4351 | D:6      | Killed a yak
  4364 | D:6      | Killed a yak
  4365 | D:6      | Reached skill level 6 in Unarmed Combat
  4372 | D:6      | Killed a yak
  4373 | D:6      | Reached skill level 7 in Unarmed Combat
  4500 | D:6      | Reached XP level 9. HP: 61/61 MP: 9/9
  4502 | D:6      | Reached skill level 8 in Unarmed Combat
  4770 | D:6      | Reached skill level 9 in Unarmed Combat
  4789 | D:6      | Reached skill level 10 in Unarmed Combat
  5002 | D:6      | Identified the +0 chain mail "Esau" {+Blink rN+ MP+9 Dex-5}
  5503 | D:7      | Found an opulent altar of Gozag.
  5549 | D:7      | Noticed a boulder beetle
  5566 | D:7      | Killed a boulder beetle
  5567 | D:7      | Reached skill level 11 in Unarmed Combat
  5567 | D:7      | Reached XP level 10. HP: 66/66 MP: 10/10
  5622 | D:7      | Noticed a cyclops
  5624 | D:7      | Noticed a skeletal warrior
  5627 | D:7      | HP: 3/66 [centaur (6)]
  5628 | D:7      | Mangled by a cyclops

Illustrated notes

Levels and vault maps discovered:
D:1:      wander_arrival_abandoned_jail, layout_basic
D:2:      layout_loops_cross
D:3:      layout_basic, serial_shops, nicolae_diamond_shop, uniq_terence,
          uniq_robin
D:4:      layout_basic, mainiacjoe_overflow_surrounded_room
D:5:      layout_loops_ring, ebering_ghost_disaster_area
D:6:      layout_loops_ring, kennysheep_generic_room_15
D:7:      minmay_the_grid_square_5x5_3x3
          [minmay_the_grid_square_5x5_doubleslash,
          minmay_the_grid_square_5x5_three_small,
          minmay_the_grid_square_5x5_checkered,
          minmay_the_grid_square_5x5_eight_small,
          minmay_the_grid_square_5x5_megaprize_diamond,
          minmay_the_grid_square_5x5_inner_v, minmay_the_grid_square_5x5_bridge,
          minmay_the_grid_square_5x5_tri_point,
          minmay_the_grid_square_5x5_hourglass], layout_cave_pods,
          mainiacjoe_overflow_boulevard, temple_green, kennysheep_generic_room_4

Skill      XL: |  1  2  3  4  5  6  7  8  9 |
---------------+----------------------------+-----
Unarmed Combat | 4 5 7 11 | 11.0
Shapeshifting  | 5 6 7 |  7.0
Fighting       | 3 5 |  5.0
Dodging        | 4 |  4.6

Action                     |  1- 3 |  4- 6 |  7- 9 | 10-12 || total
---------------------------+-------+-------+-------+-------++-------
  Melee: Unarmed           |    57 |   105 |   192 |       ||   354
         Constrict         |    18 |    26 |    32 |       ||    76
         Tentacles         |    10 |    24 |    47 |       ||    81
         Punch             |       |     3 |     2 |       ||     5
Ability: Begin Untransform |       |     1 |       |       ||     1
  Evoke: Wand              |       |     2 |     4 |       ||     6
    Use: Scroll            |     2 |     6 |     1 |     2 ||    11
         Potion            |       |       |     4 |       ||     4
   Stab: Sleeping          |     2 |     4 |       |       ||     6
 Armour: Skin              |    18 |    46 |    90 |     9 ||   163
  Dodge: Dodged            |    28 |    39 |    88 |     7 ||   162
   Form: Flux              |       |     2 |       |       ||     2
         Beast             |       |     1 |       |       ||     1
